MID
FORT WAYNE TINCAPS @ GREENSBORO GRASSHOPPERS
08/22/2047
 
TOP OF THE 1ST
Fort Wayne TinCaps batting - Pitching for Greensboro Grasshoppers : LHP Byron Copeland
Pitching: LHP Byron Copeland
Batting: RHB Dave McBain 0-0: Ball
1-0: SINGLE (Groundball, 6D, EV 108.8 MPH)
Batting: LHB Phil Lerner 0-0: Called Strike
Dave McBain steals 2nd, throwing error, E2
Dave McBain to third
0-1: Ball
1-1: DOUBLE (Line Drive, 7LM, EV 104.4 MPH)
Dave McBain scores
Pinch Runner at 2nd Tak-keung Chieu:
Batting: LHB Carlos Cuellar 0-0: Ball
1-0: Ball
2-0: Called Strike
2-1: Ground out 5-3 (Groundball, 56S, EV 62.5 MPH)
Tak-keung Chieu to third
Batting: RHB Freddie Brown 0-0: Foul Ball, location: 2F
0-1: Swinging Strike
0-2: Strikes out swinging
Batting: RHB Hector Fernandez 0-0: Called Strike
0-1: Swinging Strike
0-2: Fly out, F8 (Line Drive, 78M, EV 94.4 MPH)
Top of the 1st over - 1 run, 2 hits, 1 error, 1 left on base; Fort Wayne 1 - Greensboro 0
BOTTOM OF THE 1ST
Greensboro Grasshoppers batting - Pitching for Fort Wayne TinCaps : LHP Dae-Jung Cho
Pitching: LHP Dae-Jung Cho
Batting: LHB David Doge 0-0: Ball
1-0: Ball
2-0: Fly out, F7 (Flyball, 7, EV 91.2 MPH)
Batting: LHB Ryan Karg 0-0: Ball
1-0: Called Strike
1-1: Called Strike
1-2: Fly out, F9 (Flyball, 9LS, EV 91.9 MPH)
Batting: RHB Manuel Taveras 0-0: Ball
1-0: Called Strike
1-1: Ball
2-1: Ball
3-1: Foul Ball, location: 2F
3-2: Fly out, F7 (Flyball, 78M, EV 90.6 MPH)
Bottom of the 1st over - 0 runs, 0 hits, 0 errors, 0 left on base; Fort Wayne 1 - Greensboro 0
TOP OF THE 2ND
Fort Wayne TinCaps batting - Pitching for Greensboro Grasshoppers : LHP Byron Copeland
Batting: SHB Yutaro Takahashi 0-0: Ball
1-0: Ground out 2-3 (Groundball, 15S, EV 68.8 MPH)
Batting: RHB Phil McFadden 0-0: Called Strike
0-1: Called Strike
0-2: Ball
1-2: Foul Ball, location: 2F
1-2: Ball
2-2: Ball
3-2: Fly out, F2 (Popup, 15S, EV 80.0 MPH)
Batting: RHB Kyle Ashton 0-0: Foul Ball, location: 2F
0-1: Foul Ball, location: 2F
0-2: Ball
1-2: Foul Ball, location: 2F
1-2: Strikes out swinging
Top of the 2nd over - 0 runs, 0 hits, 0 errors, 0 left on base; Fort Wayne 1 - Greensboro 0
BOTTOM OF THE 2ND
Greensboro Grasshoppers batting - Pitching for Fort Wayne TinCaps : LHP Dae-Jung Cho
Batting: SHB Matt Moore 0-0: Ground out 5-3 (Groundball, 56, EV 75.6 MPH)
Batting: RHB Nate Crofts 0-0: Called Strike
0-1: Ball
1-1: Swinging Strike
1-2: Strikes out looking
Batting: RHB Jim Fisher 0-0: Ball
1-0: Foul Ball, location: 2F
1-1: Called Strike
1-2: Strikes out swinging
Bottom of the 2nd over - 0 runs, 0 hits, 0 errors, 0 left on base; Fort Wayne 1 - Greensboro 0
TOP OF THE 3RD
Fort Wayne TinCaps batting - Pitching for Greensboro Grasshoppers : LHP Byron Copeland
Batting: RHB Ed Oake 0-0: Called Strike
0-1: Foul Ball, location: 2F
0-2: Foul Ball, location: 2F
0-2: Strikes out looking
Batting: RHB Dave McBain 0-0: Called Strike
0-1: Ball
1-1: SINGLE (Groundball, 56D, EV 86.9 MPH) (infield hit)
Batting: RHB Tak-keung Chieu 0-0: Ball
Dave McBain steals 2nd, throwing error, E2
Dave McBain to third
1-0: Ball
2-0: Swinging Strike
2-1: Swinging Strike
2-2: Strikes out swinging
Batting: LHB Carlos Cuellar 0-0: Ground out 4-3 (Groundball, 4, EV 87.5 MPH)
Top of the 3rd over - 0 runs, 1 hit, 1 error, 1 left on base; Fort Wayne 1 - Greensboro 0
BOTTOM OF THE 3RD
Greensboro Grasshoppers batting - Pitching for Fort Wayne TinCaps : LHP Dae-Jung Cho
Batting: RHB Larry LeFever 0-0: Called Strike
0-1: Swinging Strike
0-2: Strikes out looking
Batting: RHB J.D. Vander Klok 0-0: SINGLE (Line Drive, 7S, EV 98.1 MPH)
Batting: RHB Nick Dunton 0-0: Ball
1-0: Ball
J.D. Vander Klok steals 2nd base
2-0: SINGLE (Groundball, 4D, EV 96.9 MPH)
J.D. Vander Klok to third
Batting: LHB David Doge 0-0: Called Strike
0-1: Ball
1-1: Foul Ball, location: 2F
1-2: Strikes out swinging
Batting: LHB Ryan Karg 0-0: Ball
1-0: Ball
2-0: Called Strike
2-1: Ball
3-1: Base on Balls
Nick Dunton to second
Batting: RHB Manuel Taveras 0-0: Foul Ball, location: 2F
0-1: Foul Ball, location: 2F
0-2: Ball
1-2: Strikes out swinging
Bottom of the 3rd over - 0 runs, 2 hits, 0 errors, 3 left on base; Fort Wayne 1 - Greensboro 0
TOP OF THE 4TH
Fort Wayne TinCaps batting - Pitching for Greensboro Grasshoppers : LHP Byron Copeland
Batting: RHB Freddie Brown 0-0: Called Strike
0-1: Foul Ball, location: 2F
0-2: Ball
1-2: Ball
2-2: Foul Ball, location: 2F
2-2: Strikes out swinging
Batting: RHB Hector Fernandez 0-0: Ball
1-0: Ground out 5-3 (Groundball, 5D, EV 110.0 MPH)
Batting: SHB Yutaro Takahashi 0-0: Ground out 4-3 (Groundball, 6M, EV 106.9 MPH)
Top of the 4th over - 0 runs, 0 hits, 0 errors, 0 left on base; Fort Wayne 1 - Greensboro 0
BOTTOM OF THE 4TH
Greensboro Grasshoppers batting - Pitching for Fort Wayne TinCaps : LHP Dae-Jung Cho
Batting: SHB Matt Moore 0-0: Swinging Strike
0-1: Ball
1-1: Ball
2-1: Swinging Strike
2-2: Foul Ball, location: 2F
2-2: Strikes out swinging
Batting: RHB Nate Crofts 0-0: Ball
1-0: Swinging Strike
1-1: Ball
2-1: Foul Ball, location: 2F
2-2: Foul Ball, location: 2F
2-2: Foul Ball, location: 2F
2-2: Ball
3-2: Base on Balls
Batting: RHB Jim Fisher 0-0: Ball
1-0: Ball
2-0: Foul Ball, location: 2F
2-1: 2-RUN HOME RUN (Flyball, 78XD, EV 108.8 MPH), Distance : 424 ft
Batting: RHB Larry LeFever 0-0: Called Strike
0-1: Ball
1-1: Ball
2-1: Swinging Strike
2-2: Strikes out swinging
Batting: RHB J.D. Vander Klok 0-0: Called Strike
0-1: Ball
1-1: Swinging Strike
1-2: Ball
2-2: Ball
3-2: Strikes out swinging
Bottom of the 4th over - 2 runs, 1 hit, 0 errors, 0 left on base; Fort Wayne 1 - Greensboro 2
TOP OF THE 5TH
Fort Wayne TinCaps batting - Pitching for Greensboro Grasshoppers : LHP Byron Copeland
Batting: RHB Phil McFadden 0-0: Called Strike
0-1: Ball
1-1: Ground out 5-3 (Groundball, 5, EV 82.5 MPH)
Batting: RHB Kyle Ashton 0-0: Ball
1-0: Swinging Strike
1-1: Ball
2-1: Called Strike
2-2: Ball
3-2: Foul Ball, location: 2F
3-2: Ground out 3-1 (Groundball, 34, EV 91.2 MPH)
Batting: RHB Ed Oake 0-0: Ball
1-0: Ball
2-0: Ball
3-0: Base on Balls
Batting: RHB Dave McBain 0-0: Ball
1-0: Fly out, F9 (Flyball, 9S, EV 91.9 MPH)
Top of the 5th over - 0 runs, 0 hits, 0 errors, 1 left on base; Fort Wayne 1 - Greensboro 2
BOTTOM OF THE 5TH
Greensboro Grasshoppers batting - Pitching for Fort Wayne TinCaps : LHP Dae-Jung Cho
Batting: RHB Nick Dunton 0-0: Ground out 6-3 (Groundball, 6, EV 80.0 MPH)
Batting: LHB David Doge 0-0: Called Strike
0-1: Ball
1-1: Fly out, F6 (Popup, 6MD, EV 55.6 MPH)
Batting: LHB Ryan Karg 0-0: Foul Ball, location: 2F
0-1: SINGLE (Groundball, 34D, EV 86.9 MPH) (infield hit)
Batting: RHB Manuel Taveras 0-0: Ball
1-0: Ball
2-0: Foul Ball, location: 2F
2-1: Fly out, F8 (Flyball, 8RM, EV 79.4 MPH)
Bottom of the 5th over - 0 runs, 1 hit, 0 errors, 1 left on base; Fort Wayne 1 - Greensboro 2
TOP OF THE 6TH
Fort Wayne TinCaps batting - Pitching for Greensboro Grasshoppers : LHP Byron Copeland
Batting: RHB Tak-keung Chieu 0-0: Foul Ball, location: 2F
0-1: Swinging Strike
0-2: SINGLE (Groundball, 6M, EV 100.0 MPH)
Batting: LHB Carlos Cuellar 0-0: Ground out 4-3 (Groundball, 4S, EV 66.9 MPH)
Tak-keung Chieu to second
Batting: RHB Freddie Brown 0-0: Ball
1-0: Ball
2-0: Called Strike
2-1: Ground out 6-3 (Groundball, 6MS, EV 85.6 MPH)
Tak-keung Chieu to third
Batting: RHB Hector Fernandez 0-0: Called Strike
0-1: Swinging Strike
0-2: Fly out, F7 (Flyball, 78M, EV 87.5 MPH)
Top of the 6th over - 0 runs, 1 hit, 0 errors, 1 left on base; Fort Wayne 1 - Greensboro 2
BOTTOM OF THE 6TH
Greensboro Grasshoppers batting - Pitching for Fort Wayne TinCaps : LHP Dae-Jung Cho
Pitching: RHP Jason Barlow
Batting: SHB Matt Moore 0-0: Called Strike
0-1: Called Strike
0-2: Ground out 4-3 (Groundball, 4, EV 83.8 MPH)
Batting: RHB Nate Crofts 0-0: Foul Ball, location: 2F
0-1: Swinging Strike
0-2: Strikes out looking
Batting: RHB Jim Fisher 0-0: Ball
1-0: Fly out, F6 (Popup, P, EV 90.6 MPH)
Bottom of the 6th over - 0 runs, 0 hits, 0 errors, 0 left on base; Fort Wayne 1 - Greensboro 2
TOP OF THE 7TH
Fort Wayne TinCaps batting - Pitching for Greensboro Grasshoppers : LHP Byron Copeland
Batting: SHB Yutaro Takahashi 0-0: Ball
1-0: Called Strike
1-1: Foul Ball, location: 2F
1-2: Strikes out looking
Pitching: LHP Jerry Woods
Batting: RHB Phil McFadden 0-0: Ball
1-0: Called Strike
1-1: Hit by Pitch
Batting: RHB Kyle Ashton 0-0: Ball
1-0: Called Strike
1-1: Swinging Strike
1-2: Grounds into double play, 6-4-3 (Groundball, 6, EV 81.9 MPH)
Top of the 7th over - 0 runs, 0 hits, 0 errors, 0 left on base; Fort Wayne 1 - Greensboro 2
BOTTOM OF THE 7TH
Greensboro Grasshoppers batting - Pitching for Fort Wayne TinCaps : RHP Jason Barlow
Batting: RHB Larry LeFever 0-0: Foul Ball, location: 2F
0-1: Foul Ball, location: 2F
0-2: Ball
1-2: DOUBLE (Line Drive, 7LM, EV 106.9 MPH)
Batting: RHB J.D. Vander Klok 0-0: Called Strike
0-1: Called Strike
0-2: Ball
1-2: Ground out U3 (Groundball, 34, EV 104.4 MPH)
Larry LeFever to third
Batting: RHB Nick Dunton 0-0: Ball
1-0: Foul Ball, location: 2F
1-1: Called Strike
1-2: Strikes out swinging
Batting: LHB David Doge 0-0: Swinging Strike
0-1: Ball
1-1: Ground out 6-3 (Groundball, 6, EV 106.2 MPH)
Bottom of the 7th over - 0 runs, 1 hit, 0 errors, 1 left on base; Fort Wayne 1 - Greensboro 2
TOP OF THE 8TH
Fort Wayne TinCaps batting - Pitching for Greensboro Grasshoppers : LHP Jerry Woods
Pitching: LHP Bryan Wedge
Batting: RHB Ed Oake 0-0: Called Strike
0-1: Fly out, F9 (Flyball, 9D, EV 93.1 MPH)
Batting: RHB Dave McBain 0-0: Swinging Strike
0-1: DOUBLE (Flyball, 89D, EV 94.4 MPH)
Batting: RHB Tak-keung Chieu 0-0: Called Strike
0-1: Ground out 2-3 (Groundball, 15S, EV 62.5 MPH)
Dave McBain to third
Pinch Hitting: RHB John Freeman 0-0: Ball
1-0: Ball
2-0: Called Strike
2-1: Ball
3-1: Base on Balls
Batting: RHB Freddie Brown 0-0: Foul Ball, location: 2F
0-1: Fielders Choice at 2nd, 6-4 (Groundball, 6, EV 78.8 MPH)
Top of the 8th over - 0 runs, 1 hit, 0 errors, 2 left on base; Fort Wayne 1 - Greensboro 2
BOTTOM OF THE 8TH
Greensboro Grasshoppers batting - Pitching for Fort Wayne TinCaps : RHP Jason Barlow
Now in LF: Dave McBain
Now in CF: John Freeman
Batting: LHB Ryan Karg 0-0: Ball
1-0: Ground out 4-3 (Groundball, 34, EV 90.6 MPH)
Batting: RHB Manuel Taveras 0-0: Called Strike
0-1: Ball
1-1: Foul Ball, location: 2F
1-2: Strikes out looking
Batting: SHB Matt Moore 0-0: Swinging Strike
0-1: Swinging Strike
0-2: Foul Ball, location: 2F
0-2: Foul Ball, location: 2F
0-2: Strikes out swinging
Bottom of the 8th over - 0 runs, 0 hits, 0 errors, 0 left on base; Fort Wayne 1 - Greensboro 2
TOP OF THE 9TH
Fort Wayne TinCaps batting - Pitching for Greensboro Grasshoppers : LHP Bryan Wedge
Batting: RHB Hector Fernandez 0-0: Called Strike
0-1: Fly out, F6 (Line Drive, 6, EV 68.1 MPH)
Batting: SHB Yutaro Takahashi 0-0: Ground out 6-3 (Groundball, 6, EV 106.2 MPH)
Batting: RHB Phil McFadden 0-0: Called Strike
0-1: SINGLE (Groundball, 56S, EV 68.1 MPH) (infield hit)
Batting: RHB Kyle Ashton 0-0: Foul Ball, location: 2F
0-1: Ground out 4-3 (Groundball, 4, EV 91.9 MPH)
Top of the 9th over - 0 runs, 1 hit, 0 errors, 1 left on base; Fort Wayne 1 - Greensboro 2
Thursday, December 15th , 2022 - OOTP Baseball 23.9 Build 102